 Dungeon Crawl Stone Soup version 0.17-a0-1150-g17b0b87 (webtiles) character file.

114 Lugonue the Charmwright (level 4, -2/33 HPs)
             Began as a Merfolk Skald on May 27, 2015.
             Killed by divine providence
             ... invoked by an orc priest
              (16 damage)
             ... on level 2 of the Dungeon.
             The game lasted 00:07:43 (2370 turns).

Lugonue the Charmwright (Merfolk Skald)             Turns: 2370, Time: 00:07:44

Health: -2/33      AC:  3    Str: 12    XL:     4   Next: 98%
Magic:  4/7        EV: 12    Int: 12    God:
Gold:   83         SH:  5    Dex: 13    Spells: 2 memorised, 4 levels left

rFire  . . .     SeeInvis .     k - +1 spear (freeze)
rCold  + . .     Clarity  .     b - +0 leather armour
rNeg   . . .     SustAt   .     h - +1 buckler
rPois  .         Gourm    .     (no helmet)
rElec  .         Spirit   .     (no cloak)
rCorr  .         Warding  .     (no gloves)
rMut   .         Stasis   .     (no boots)
MR     .....                    (no amulet)
Stlth  +.........               i - ring of protection from cold
                                (no ring)

@: shrouded (expiring), very slightly contaminated, not resistant to hostile
enchantments, very unstealthy
A: change form in water, swift swim
a: no special abilities


You were on level 2 of the Dungeon.
You were not hungry.

You visited 1 branch of the dungeon, and saw 3 of its levels.

You collected 83 gold pieces.

Inventory:

Hand weapons
 a - a +0 spear
 k - a +1 spear of freezing (weapon)
 n - a +0 halberd
Armour
 b - a +0 leather armour (worn)
 h - a +1 buckler (worn)
 m - a +0 leather armour
Jewellery
 e - an uncursed ring of teleportation
 i - a ring of protection from cold (right hand)
Magical devices
 l - a wand of random effects (21)
Scrolls
 g - a scroll of random uselessness {unknown}
 j - a scroll of immolation {unknown}
 o - 5 scrolls of identify
 p - a scroll of magic mapping {unknown}
 r - a scroll of teleportation {unknown}
Potions
 f - a potion of might
Books
 c - a book of Battle

   Spells                             Type                      Level
   a - Infusion                       Charms                       1
   b - Shroud of Golubria             Charms/Translocation         2
   c - Song of Slaying                Charms                       2
   d - Spectral Weapon                Hexes/Charms                 3
   e - Regeneration                   Charms/Necromancy            3
Comestibles
 d - a bread ration
 s - a slice of pizza


   Skills:
 - Level 2.2 Fighting
 - Level 3.5 Polearms
 - Level 0.6 Armour
 - Level 2.3 Dodging
 + Level 3.2 Shields
 - Level 2.2 Spellcasting
 - Level 3.7 Charms


You had 4 spell levels left.
You knew the following spells:

 Your Spells              Type           Power        Failure   Level  Hunger
a - Infusion              Chrm           ##....       10%         1    ##.....
b - Shroud of Golubria    Chrm/Tloc      #.........   30%         2    ###....


Dungeon Overview and Level Annotations

Branches:
Dungeon (3/15)

Altars:
Xom


Message History

You block the orc's attack. The orc barely misses you.
You block the orc priest's attack.
Read which item? (? for menu, Esc to quit)
Okay, then.
Unknown command.
Press: ? - help, v - describe, . - travel
Here: an orc, wielding a hand axe of electrocution The floor.
Unknown command.
The orc hits you but does no damage. The orc priest closely misses you.
You see here a kobold skeleton.
Your shroud begins to fray at the edges.
The orc priest mumbles some strange prayers to Beogh against you.
Something smites you!
* * * LOW HITPOINT WARNING * * *
Drink which item? (? for menu, Esc to quit)
You feel better.
The orc priest invokes the aid of Beogh against you.
Something smites you!
You die...

#....................)####
#......................... ###
#..................####### ..#
#...........)......# #... ..#
#..................####.## ..#
###########............... ..#
#......÷.####.## ###
###########†.......## #... ###
#...o.o..@........).###### ..#
#.>...o................... ..#
#.................#.###### ..#
#..........######.#.#.....
############(#'#### #.#.#.####
...........#.#.#########.#.#.....
##########.#.#.#.........#.#.####
#)# #....#.#.#########.#.....
#.#####.........÷......#.#.####


You could see an orc priest and 2 orcs.

Vanquished Creatures
  3 adders
  4 gnolls (D:2)
  A worm (D:2)
  2 giant geckos
  8 bats
  3 giant cockroaches (D:1)
  3 hobgoblins
  5 jackals (D:1)
  5 kobolds
  7 goblins
  3 rats
  A butterfly (D:2)
45 creatures vanquished.

Notes
Turn   | Place    | Note
--------------------------------------------------------------
     0 | D:1      | Lugonue the Merfolk Skald began the quest for the Orb.
     0 | D:1      | Reached XP level 1. HP: 16/16 MP: 3/3
   321 | D:1      | Reached XP level 2. HP: 19/22 MP: 5/5
   331 | D:1      | Learned a level 2 spell: Shroud of Golubria
   658 | D:1      | Reached XP level 3. HP: 22/27 MP: 0/6
   973 | D:1      | Reached skill level 1 in Shields
  1554 | D:2      | Reached XP level 4. HP: 33/33 MP: 2/7
  1796 | D:2      | Found a shimmering altar of Xom.
  2357 | D:3      | Noticed a giant frog
  2370 | D:2      | Killed from afar by an orc priest

Vault maps used:
D:1:      nicolae_arrival_somewhat_less_tricky_arrival
D:2:      xom_butterflies
D:3:      lemuel_round_altar, first_bread, minmay_bisected, uniq_iyjb,
          uniq_jessica

Action                   |  1- 3 |  4- 6 || total
-------------------------+-------+-------++-------
Melee: Spear             |   158 |    67 ||   225
Throw: Throwing net      |     1 |       ||     1
 Cast: Infusion          |     4 |       ||     4
       Shroud of Golubri |     8 |     4 ||    12
  Use: Scroll            |     5 |       ||     5
       Potion            |       |     2 ||     2
 Stab: Sleeping          |     2 |       ||     2
       Held in net/web   |     1 |       ||     1
  Eat: Chunk             |     2 |       ||     2
       Beef jerky        |     1 |       ||     1
       Meat ration       |       |     1 ||     1
